 Dungeon Crawl Stone Soup version 0.17.1-3-g152610e (webtiles) character file.

206 Malhgor the Bolt Thrower (level 5, 0/49 HPs)
             Began as a Deep Dwarf Hunter on Mar 20, 2016.
             Slain by an orc
             ... wielding a +0 hand axe
              (6 damage)
             ... on level 4 of the Dungeon.
             The game lasted 00:13:11 (2202 turns).

Malhgor the Bolt Thrower (Deep Dwarf Hunter)        Turns: 2202, Time: 00:13:12

Health: 0/49       AC:  3    Str: 16    XL:     5   Next: 53%
Magic:  7/7        EV: 13    Int: 12    God:
Gold:   89         SH:  0    Dex: 13    Spells: 0 memorised, 4 levels left

rFire  . . .     SeeInvis .     b - +0 short sword
rCold  . . .     Clarity  .     c - +0 leather armour
rNeg   . . .     SustAt   .     (no shield)
rPois  .         Gourm    .     (no helmet)
rElec  .         Spirit   .     (no cloak)
rCorr  .         Warding  .     (no gloves)
rMut   .         Stasis   .     (no boots)
MR     .....                    (no amulet)
Stlth  +.........               (no ring)
                                (no ring)

@: non-regenerating, not resistant to hostile enchantments, very unstealthy
A: damage resistance, recharge devices, sense surroundings 1, slow regeneration
3
a: Device Recharging


You were on level 4 of the Dungeon.
You were not hungry.

You visited 1 branch of the dungeon, and saw 4 of its levels.

You collected 89 gold pieces.

Inventory:

Hand Weapons
 a - a +1 hand crossbow
 b - a +0 short sword (weapon)
 n - a cursed +0 mace
 u - a cursed -2 flail
Missiles
 d - 27 bolts
Armour
 c - a +0 leather armour (worn)
 l - a +1 ring mail of fire resistance
Jewellery
 m - an uncursed ring of invisibility {unknown}
 r - an uncursed ring of protection from magic {unknown}
Wands
 e - a wand of heal wounds (2)
Scrolls
 g - a scroll of teleportation {unknown}
 i - 3 scrolls of identify {unknown}
 j - a scroll of immolation {unknown}
 k - 3 scrolls of enchant weapon {unknown}
 o - 2 scrolls of remove curse {unknown}
 t - a scroll of magic mapping {unknown}
 v - a scroll of recharging {unknown}
 w - a scroll of amnesia {unknown}
 x - a scroll of fog {unknown}
Comestibles
 f - 3 bread rations
 p - a slice of pizza
 q - 6 fruits
 s - 2 meat rations


   Skills:
 + Level 3.0 Fighting
 + Level 5.0 Crossbows
 + Level 2.4 Armour
 + Level 3.5 Dodging
 - Level 1.2 Stealth
 + Level 2.6 Evocations


You had 4 spell levels left.
You didn't know any spells.

Dungeon Overview and Level Annotations

Branches:
Dungeon (4/15)
 Temple: D:4-7

Altars:
Fedhas
Ru
Vehumet

Annotations:
D:1 Done
D:2 Done
D:3 Done


Innate Abilities, Weirdness & Mutations

You are resistant to damage.
You can recharge devices by infusing magical energy.
You passively map a small area around you.
You do not regenerate naturally.


Message History

You hit something but do no damage. The orc closely misses you.
Something hits you.
You miss something. The orc barely misses you. Something hits you.
You closely miss something. The orc hits you with a hand axe.
You hear some strange, mumbled words.
A magic dart appears from out of thin air!
The magic dart hits you!
* * * LOW HITPOINT WARNING * * *
You closely miss something. The orc closely misses you. Something hits you.
You barely miss something. The orc barely misses you. Something hits you.
You hit the orc but do no damage. The orc closely misses you.
You hear some strange, mumbled words.
A puff of flame appears from out of thin air!
The puff of flame hits you!
* * * LOW HITPOINT WARNING * * *
You closely miss something.
You hear some strange, mumbled words.
Something tries to affect you, but you resist.
The orc hits you with a hand axe!
You die...

,, * *,
..... ,*
,,, #...#,
* * #(..#
* * *, ...
* , #, ...
#
#.##(##.#
#....{..#
* **
*######@##
*
#.....o<#
,
#.#.#...#
* #?.#.(#
*
....#...(
#.#.##..##
* * * *# #
#..# , , ,
...# * * *
* *#.##


You could see an orc.

Vanquished Creatures
  A worker ant (D:4)
  4 adders
  7 gnolls (D:3)
  An ooze (D:2)
  A worm (D:2)
  An orc (D:3)
  2 ball pythons (D:2)
  15 bats
  2 giant cockroaches
  6 goblins
  12 hobgoblins
  6 kobolds
  3 quokkas
  2 giant geckos
  5 giant newts
  7 rats
75 creatures vanquished.

Notes
Turn   | Place    | Note
--------------------------------------------------------------
     0 | D:1      | Malhgor the Deep Dwarf Hunter began the quest for the Orb.
     0 | D:1      | Reached XP level 1. HP: 19/19 MP: 1/1
   140 | D:1      | Reached XP level 2. HP: 12/26 MP: 2/2
   168 | D:1      | Reached skill level 1 in Armour
   314 | D:2      | Reached skill level 1 in Evocations
   314 | D:2      | Reached XP level 3. HP: 14/32 MP: 3/3
   961 | D:2      | Reached XP level 4. HP: 23/40 MP: 5/5
  1208 | D:2      | Found a blossoming altar of Fedhas.
  1262 | D:2      | Found a radiant altar of Vehumet.
  1312 | D:3      | Found a sacrificial altar of Ru.
  1724 | D:3      | Reached XP level 5. HP: 23/46 MP: 6/6
  2187 | D:4      | Reached skill level 5 in Crossbows
  2202 | D:4      | Slain by an orc

Action                   |  1- 3 |  4- 6 || total
-------------------------+-------+-------++-------
Melee: Short sword       |    51 |    46 ||    97
 Fire: Hand crossbow     |    51 |    85 ||   136
Evoke: Wand              |     1 |     2 ||     3
 Stab: Sleeping          |     1 |       ||     1
  Eat: Chunk             |       |     4 ||     4
